 Dungeon Crawl Stone Soup version 0.29.1-13-g9f3cf754e1 (webtiles) character file.

Game seed: 7238704962313115292

241 Kold the Digger (level 6, -7/32 HPs)
             Began as a Gargoyle Earth Elementalist on Jan 31, 2023.
             Mangled by a wight
             ... wielding a +4 long sword
              (8 damage)
             ... on level 4 of the Dungeon.
             The game lasted 00:06:39 (4586 turns).

Kold the Digger (Gargoyle Earth Elementalist)       Turns: 4586, Time: 00:06:41

Health: -7/32      AC:  9    Str: 11    XL:     6   Next: 8%
Magic:  3/10       EV: 11    Int: 18    God:
Gold:   119        SH:  0    Dex: 10    Spells: 7/11 levels left

rFire   . . .      SeeInvis .   c - +2 short sword (venom)
rCold   . . .      Faith    .   (no shield)
rNeg    + . .      Spirit   .   a - +0 robe
rPois   ∞          Reflect  .   l - +0 helmet
rElec   +          Harm     .   (no cloak)
rCorr   .          Rampage  .   m - +0 pair of gloves
Will    .....                   j - +0 pair of boots
Stlth   ++........              p - amulet of the acrobat
HPRegen 0.10/turn               (no ring)
MPRegen 0.12/turn               (no ring)

@: very slightly contaminated
A: sickness immunity, AC +4, negative energy resistance 1, electricity
resistance, torment resistance 1, petrification resistance
a: no special abilities


You were on level 4 of the Dungeon.
You visited 1 branch of the dungeon, and saw 4 of its levels.

You collected 164 gold pieces.
You spent 45 gold pieces at shops.

Inventory:

Hand Weapons
 c - a +2 short sword of venom (weapon)
Armour
 a - a +0 robe (worn)
 j - a +0 pair of boots (worn)
 l - a +0 helmet (worn)
 m - a +0 pair of gloves (worn)
Jewellery
 p - an amulet of the acrobat (around neck)
Scrolls
 d - 3 scrolls of identify
 f - a scroll of amnesia {unknown}
 i - a scroll of summoning {unknown}
 n - a scroll of fear {unknown}
 o - a scroll of vulnerability {unknown}
 q - a scroll of magic mapping {unknown}
Potions
 b - 3 potions of magic
 g - a potion of mutation {unknown}
 h - a potion of brilliance {unknown}
 k - a potion of ambrosia {unknown}
 r - a potion of resistance {unknown}


   Skills:
 - Level 1.5 Dodging
 + Level 3.8 Stealth
 + Level 3.1 Spellcasting
 + Level 1.4 Conjurations
 - Level 2.0 Transmutations
 * Level 5.4 Earth Magic


You had 7 spell levels left.
You knew the following spells:

 Your Spells              Type           Power      Damage    Failure   Level
a - Sandblast             Erth           44%        2d11      1%          1
b - Stone Arrow           Conj/Erth      30%        3d8       12%         3

Your spell library contained the following spells:

 Spells                   Type           Power      Damage    Failure   Level
 Passwall                 Tmut/Erth      13%        N/A       5%          2
 Static Discharge         Conj/Air       5%         3-4/arc   19%         2
 Petrify                  Tmut/Erth      16%        N/A       34%         4
 Sticky Flame             Conj/Fire      5%         2d3       75%         4
 Dispel Undead            Necr           2%         3d7       85%         4


Dungeon Overview and Level Annotations

Branches:
Dungeon (4/15)
 Temple: D:4-7

Altars:
Hepliaklqana

Shops:
D:2 [[


Innate Abilities, Weirdness & Mutations

You are immune to sickness and miasma.
Your stone body is resilient. (AC +4)
You are immune to poison.
You resist negative energy. (rN+)
You are resistant to electric shocks. (rElec)
You are resistant to unholy torment.
You are immune to petrification.


Message History

The wight barely misses you.
The wight hits you with a +4 long sword!
Casting: Sandblast (safe; 1% risk of failure)
Confirm with . or Enter, or press ? or * to list all spells.
Aiming: Sandblast (safe; 1% risk of failure)
Press: ? - help, Shift-Dir - straight line, f/p - wight
Aim: a wight, wielding a +4 long sword and wearing a +0 robe (almost destroyed, 83% to hit)
The blast of sand hits the wight but does no damage.
The wight is almost destroyed.
The wight closely misses you. The wight hits you but does no damage.
Casting: Sandblast (safe; 1% risk of failure)
Confirm with . or Enter, or press ? or * to list all spells.
Aiming: Sandblast (safe; 1% risk of failure)
Press: ? - help, Shift-Dir - straight line, f/p - wight
Aim: a wight, wielding a +4 long sword and wearing a +0 robe (almost destroyed, 83% to hit)
You miscast Sandblast.
You are very lightly contaminated with residual magic.
Nothing appears to happen.
The wight hits you with a +4 long sword.
The wight hits you from afar with a +0 spear!
* * * LOW HITPOINT WARNING * * *
Casting: Sandblast (safe; 1% risk of failure)
Confirm with . or Enter, or press ? or * to list all spells.
Aiming: Sandblast (safe; 1% risk of failure)
Press: ? - help, Shift-Dir - straight line, f/p - wight
Aim: a wight, wielding a +4 long sword and wearing a +0 robe (almost destroyed, 83% to hit)
The blast of sand hits the wight but does no damage.
The wight is almost destroyed.
The wight barely misses you.
The wight hits you from afar with a +0 spear!
* * * LOW HITPOINT WARNING * * *
The wight hits you but does no damage. The wight barely misses you.
Casting: Sandblast (safe; 1% risk of failure)
Confirm with . or Enter, or press ? or * to list all spells.
Aiming: Sandblast (safe; 1% risk of failure)
Press: ? - help, Shift-Dir - straight line, f/p - wight
Aim: a wight, wielding a +4 long sword and wearing a +0 robe (almost destroyed, 83% to hit)
The blast of sand misses the wight.
The wight hits you with a +4 long sword!
You die...

...## .... .... ..# .?#
# #z# .# # . ###.# .#.#.
....#.z@####......
.............# #.# .
....##.##..######.# ..♣.
....#..######..#
.....###........###.##
..♣..#####..†........#
...........#####.#.#.#
.♣....<...# #######.#
.........#####.#####.###


You could see 2 wights.

Vanquished Creatures
  2 iguanas (D:4)
  Terence (D:2)
  3 gnolls
  6 adders
  A worm (D:2)
  3 dart slugs
  12 ball pythons
  A bat skeleton (D:2)
  A bat zombie (D:2)
  9 endoplasms
  2 giant cockroaches
  8 goblins
  4 hobgoblins
  6 kobolds
  2 quokkas
  A ball python zombie (D:2)
  7 bats
  6 frilled lizards
  A quokka skeleton (D:2)
  4 rats
80 creatures vanquished.

Notes
Turn   | Place    | Note
-------+----------+-------------------------------------------
     0 | D:1      | Kold the Gargoyle Earth Elementalist began the quest for
                  | the Orb.
     0 | D:1      | Reached XP level 1. HP: 10/10 MP: 3/3
   101 | D:1      | Reached skill level 1 in Transmutations
   157 | D:1      | Reached XP level 2. HP: 15/15 MP: 0/5
   855 | D:1      | Found a faded altar of an unknown god.
   860 | D:1      | Reached skill level 4 in Earth Magic
   860 | D:1      | Reached XP level 3. HP: 15/19 MP: 6/6
  1348 | D:2      | Learned a level 3 spell: Stone Arrow
  1738 | D:2      | Noticed Terence
  1746 | D:2      | Killed Terence
  1747 | D:2      | Reached XP level 4. HP: 3/24 MP: 3/7
  2067 | D:2      | Found Fetilaic's Armour Shoppe.
  2159 | D:2      | Found Coogid's Armour Shop.
  2226 | D:2      | Bought a +0 pair of boots for 45 gold pieces
  3176 | D:2      | Reached XP level 5. HP: 13/28 MP: 7/9
  3640 | D:3      | Found a hazy altar of Hepliaklqana.
  3744 | D:3      | Reached skill level 5 in Earth Magic
  3797 | D:3      | Reached skill level 1 in Conjurations
  4423 | D:4      | Reached XP level 6. HP: 16/32 MP: 2/10
  4585 | D:4      | HP: 1/32 [wight/+0 spear (7)]
  4586 | D:4      | Mangled by a wight

Illustrated notes

Levels and vault maps discovered:
D:1:      wander_arrival_desolate, layout_rooms,
          ebering_ecumenical_altar_petrified
D:2:      minmay_skewed_foursquare, layout_basic, serial_shops,
          nicolae_diamond_shop, nicolae_shop_window_shopping, serial_undead,
          serial_undead_b, serial_undead_e, serial_undead_f, serial_undead_f,
          serial_undead_d, serial_undead_e, ebering_dispersal_statue_hall,
          kennysheep_cross_room, minmay_misc_feat_rugged, due_unseen_surprise,
          uniq_terence
D:3:      minmay_door_path, layout_rooms, mainiacjoe_overflow_tiny_flanked
D:4:      layout_cave_pools, minitemple, serial_park, serial_park_tiny_pond,
          serial_park_avenue1, serial_park_tiny_2

Skill      XL: |  1  2  3  4  5 |
---------------+----------------+-----
Transmutations | 1 2 |  2.0
Earth Magic    | 4 5 |  5.4
Stealth        | 3 |  3.8
Conjurations   | 1 |  1.4
Spellcasting   | 3 |  3.1
Dodging        | |  1.5

Action                   |  1- 3 |  4- 6 || total
-------------------------+-------+-------++-------
Melee: Unarmed           |    23 |       ||    23
       Punch             |     4 |       ||     4
       Short sword       |    63 |    39 ||   102
 Cast: Sandblast         |    18 |    51 ||    69
       Stone Arrow       |       |     2 ||     2
  Use: Potion            |       |     2 ||     2
       Scroll            |       |     1 ||     1
 Stab: Sleeping          |     4 |     2 ||     6
Armor: Robe              |    34 |    36 ||    70
Dodge: Dodged            |    64 |    58 ||   122
